 Dungeon Crawl Stone Soup version 0.28-a0-1510-gd0f6b136d3 (webtiles) character file.

Game seed: 988921584194751379

79 innerfire433 the Skirmisher (level 4, -1/40 HPs)
             Began as a Draconian Berserker on Jan 15, 2022.
             Was a Believer of Trog.
             Succumbed to Sigmund's poison
             ... on level 3 of the Dungeon.
             The game lasted 00:02:55 (1956 turns).

innerfire433 the Skirmisher (Draconian Berserker)   Turns: 1956, Time: 00:02:56

Health: -1/40      AC:  5    Str: 21    XL:     4   Next: 17%
Magic:  4/4        EV: 12    Int:  8    God:    Trog [**....]
Gold:   24         SH:  0    Dex: 10    Spells: 3/3 levels left

rFire   . . .      SeeInvis .   a - +0 spear
rCold   . . .      Faith    .   (no shield)
rNeg    . . .      Spirit   .   (armour unavailable)
rPois   .          Reflect  .   (helmet restricted)
rElec   .          Harm     .   (no cloak)
rCorr   .          Rampage  .   (no gloves)
Will    .....                   (no boots)
Stlth   +.........              (no amulet)
HPRegen 0.13/turn               (no ring)
MPRegen 0.09/turn               (no ring)

@: lethally poisoned (-1 -> -16), on berserk cooldown, slowed, very slow
A: AC +5, unfitting armour, cold-blooded
a: Renounce Religion, Berserk, Trog's Hand


You were on level 3 of the Dungeon.
You worshipped Trog.
Trog was pleased with you.
You visited 1 branch of the dungeon, and saw 3 of its levels.

You collected 90 gold pieces.
You spent 66 gold pieces at shops.

Inventory:

Hand Weapons
 a - a +0 spear (weapon)
Jewellery
 b - a ring of poison resistance
Wands
 e - a wand of polymorph (3)
Scrolls
 c - a scroll of identify
 d - 2 scrolls of vulnerability
 g - a scroll of acquirement {unknown}
 j - a scroll of immolation {unknown}
Potions
 f - 2 potions of attraction {unknown}
 h - a potion of curing
 i - a potion of lignification


   Skills:
 + Level 4.0 Fighting
 + Level 4.0 Polearms
 + Level 3.3 Dodging
 + Level 0.2 Stealth


You had 3 spell levels left.
You didn't know any spells.
Your spell library was empty.

Dungeon Overview and Level Annotations

Branches:
Dungeon (3/15)

Altars:

Shops:
D:2 !

Annotations:
D:3 Sigmund


Innate Abilities, Weirdness & Mutations

Your plain brown scales are hard. (AC +5)
You cannot fit into any form of body armour.
You are cold-blooded and may be slowed by cold attacks.


Message History

The jackal bites you but does no damage.
You completely miss the jackal.
The jackal is heavily wounded.
You feel very sick. The endoplasm freezes you.
You are frozen.
You feel yourself slow down.
You are too injured to fight recklessly!
You are too injured to fight recklessly!
You are too injured to fight recklessly!
You are too injured to fight recklessly!
You are too injured to fight recklessly!
You puncture the jackal!
You kill the jackal!
Trog accepts your kill.
You feel very sick. Something hits you but does no damage.
You are more poisoned.
You feel very sick. The endoplasm freezes you.
You are frozen.
* * * LOW HITPOINT WARNING * * *
You feel as though you will be slow longer.
A kobold comes into view. It is wielding a +0 short sword.
You see here a jackal corpse.
You feel a strong urge to attack something.
* * * LOW HITPOINT WARNING * * *
You feel very sick.
The kobold shouts!
You hear some strange, mumbled words.
A magic dart appears from out of thin air!
The magic dart hits you.
* * * LOW HITPOINT WARNING * * *
The endoplasm freezes you.
You are frozen.
* * * LOW HITPOINT WARNING * * *
You feel as though you will be slow longer.
You see here a jackal corpse.
You are no longer berserk.
You are exhausted.
You feel as though you will be slow longer.
You die...

###.#...#
#........
#.[......
#........
#........
##.$...<.. .
#.......#.
....####†.†......
.......@†J.....#.
.....w.#.{.....#
...............#
...............#
...........#.###
....#..........
...#....K.......
................


You could see a worm, an endoplasm and a kobold.

Vanquished Creatures
  4 adders
  3 bats
  An endoplasm (D:2)
  A giant cockroach (D:1)
  6 goblins (D:1)
  4 hobgoblins
  4 jackals
  3 quokkas
  6 ball pythons
  2 frilled lizards (D:1)
  3 kobolds (D:1)
  5 rats
42 creatures vanquished.

Notes
Turn   | Place    | Note
-------+----------+-------------------------------------------
     0 | D:1      | innerfire433 the Draconian Berserker began the quest for
                  | the Orb.
     0 | D:1      | Reached XP level 1. HP: 19/19 MP: 1/1
   457 | D:1      | Reached XP level 2. HP: 25/26 MP: 2/2
   969 | D:1      | Reached ** piety under Trog
  1333 | D:2      | Reached XP level 3. HP: 14/33 MP: 3/3
  1502 | D:2      | Found Ukoi's Distillery.
  1508 | D:2      | Bought a potion of curing for 33 gold pieces
  1508 | D:2      | Bought a potion of lignification for 33 gold pieces
  1935 | D:3      | Noticed Sigmund
  1946 | D:3      | Reached XP level 4. HP: 40/40 MP: 4/4
  1955 | D:3      | HP: 3/60 [frozen (4)]
  1956 | D:3      | Succumbed to Sigmund's poison

Illustrated notes

Levels and vault maps discovered:
D:1:      dpeg_arrival_shelter, layout_basic, minmay_tromino_v2
D:2:      layout_basic, serial_shops, shop, lemuel_flame_loot_1
D:3:      mumra_celtic_spiral_tile, layout_rooms,
          hellmonk_ecumenical_altar_run_dry, uniq_robin, uniq_sigmund

Skill      XL: |  1  2  3  4 |
---------------+-------------+-----
Dodging        | 3 |  3.3
Fighting       | 4 |  4.0
Polearms       | 4 |  4.0
Stealth        | |  0.2

Action                   |  1- 3 |  4- 6 || total
-------------------------+-------+-------++-------
Melee: Spear             |   122 |     8 ||   130
       Tailslap          |     8 |     1 ||     9
Invok: Berserk           |     1 |       ||     1
  Use: Scroll            |     2 |       ||     2
       Potion            |     1 |       ||     1
 Stab: Sleeping          |     1 |       ||     1
Armor: Skin              |    24 |     8 ||    32
Dodge: Dodged            |    72 |     5 ||    77

Table legend: (Time is in decaauts)
 A = Elapsed time spent in this place.
 B = Non-inter-level travel time spent in this place.
 C = Inter-level travel time spent in this place.
 D = Time resting spent in this place.
 E = Time spent auto-exploring this place.
 F = Levels seen in this place.
 G = Mean time per level.
                   A        B        C        D        E       F      G
               +--------+--------+--------+--------+--------+-----+--------+
         Total |   1944 |   1844 |    100 |      0 |   1599 |   3 |  648.0 |
       Dungeon |   1944 |   1844 |    100 |      0 |   1599 |   3 |  648.0 |
               +--------+--------+--------+--------+--------+-----+--------+

Top non-repeatable levels by time:
     D:1: 1279 daAuts
     D:2: 648 daAuts
     D:3: 17 daAuts
